 Dungeon Crawl Stone Soup version 0.30-a0-4-ga7cffc901d (webtiles) character file.

Game seed: 13497118328081217874

12067 motu the Covert (level 11, -7/54 HPs)
             Began as a Spriggan Enchanter on Aug 21, 2022.
             Was a Priest of Dithmenos.
             Mangled by a minotaur
             ... wielding a +0 halberd
              (25 damage)
             ... in a Gauntlet.
             The game lasted 00:35:07 (13509 turns).

motu the Covert (Spriggan Enchanter)               Turns: 13509, Time: 00:35:11

Health: -7/54      AC:  8    Str: 14    XL:     11   Next: 57%
Magic:  34/36      EV: 21    Int: 18    God:    Dithmenos [***...]
Gold:   1690       SH:  0    Dex: 15    Spells: 13/32 levels left

rFire   . . .      SeeInvis +    d - +3 dagger (venom)
rCold   . . .      Faith    .    (no shield)
rNeg    . . .      Spirit   .    l - +2 robe {Will+}
rPois   .          Reflect  .    G - +2 hat
rElec   .          Harm     .    w - +1 cloak
rCorr   .          Rampage  .    (gloves unavailable)
Will    ++...      NoTele   +    (boots unavailable)
Stlth   ++++++++..               s - amulet of regeneration
HPRegen 0.98/turn                I - +6 ring of strength
MPRegen 0.25/turn                A - ring of magical power

@: wreathed by umbra, studying Throwing, invisible, unable to drink, very quick
A: very small, no large weapons, unfitting armour, see invisible, speed 3,
inability to drink after injury 1
a: Renounce Religion, Shadow Step


You were in a Gauntlet.
You worshipped Dithmenos.
Dithmenos was most pleased with you.
You visited 2 branches of the dungeon, and saw 12 of its levels.
You also visited: Sewer, Bailey and Gauntlet.

You collected 1690 gold pieces.

Inventory:

Hand Weapons
 d - a +3 dagger of venom (weapon)
 e - a +1 dagger of draining
 z - a +2 dagger of venom
Missiles
 f - 6 throwing nets (quivered)
 C - 22 curare-tipped darts
 D - 4 atropa-tipped darts
 E - 4 datura-tipped darts
Armour
 l - a +2 robe of willpower (worn)
 w - a +1 cloak (worn)
 G - a +2 hat (worn)
Jewellery
 q - a ring of willpower
 s - an amulet of regeneration (around neck)
 A - a ring of magical power (right hand)
 I - a +6 ring of strength (left hand)
 J - a ring of ice
Wands
 j - a wand of mindburst (19)
 k - a wand of flame (18)
 y - a wand of charming (4)
Scrolls
 a - 2 scrolls of fear
 g - a scroll of summoning
 n - a scroll of butterflies
 t - 4 scrolls of identify
 v - a scroll of blinking
 B - 2 scrolls of teleportation
 F - a scroll of magic mapping
Potions
 b - a potion of heal wounds
 c - a potion of invisibility
 h - a potion of berserk rage
 m - a potion of ambrosia
 o - a potion of mutation
 p - a potion of haste
 r - 2 potions of cancellation
 u - a potion of curing
 x - 2 potions of resistance
 H - a potion of flight
 K - a potion of might
Miscellaneous
 i - a condenser vane (inert)


   Skills:
 + Level 4.5 Fighting
 + Level 6.3 Short Blades
 + Level 7.8 Dodging
 + Level 13.5 Stealth
 + Level 11.3 Spellcasting
 * Level 12.3 Hexes


You had 13 spell levels left.
You knew the following spells:

 Your Spells              Type           Power      Damage    Failure   Level
a - Ensorcelled Hibernat  Hex/Ice        64%        N/A       1%          2
b - Tukima's Dance        Hex            53%        N/A       1%          3
c - Dazzling Flash        Conj/Hex       64%        N/A       1%          3
d - Confusing Touch       Hex            53%        N/A       1%          3
e - Discord               Hex            26%        N/A       96%         8

Your spell library contained the following spells:

 Spells                   Type           Power      Damage    Failure   Level
 Portal Projectile        Hex/Tloc       64%        N/A       1%          3
 Anguish                  Hex/Necr       16%        N/A       5%          4
 Sublimation of Blood     Necr           10%        N/A       11%         2
 Wereblood                Tmut           10%        N/A       11%         2
 Metabolic Englaciation   Hex/Ice        16%        N/A       16%         5
 Ozocubu's Armour         Ice            10%        N/A       22%         3
 Spider Form              Tmut/Pois      10%        N/A       22%         3
 Airstrike                Air            5%         2d(1-17)  56%         4
 Summon Lightning Spire   Summ/Air       10%        N/A       56%         4
 Blade Hands              Tmut           5%         N/A       89%         5
 Lightning Bolt           Conj/Air       5%         1d17      89%         5
 Simulacrum               Ice/Necr       5%         N/A       100%        6
 Summon Hydra             Summ           5%         N/A       100%        7
 Borgnjor's Revivificati  Necr           5%         N/A       100%        8


Dungeon Overview and Level Annotations

Branches:
Dungeon (11/15)            Temple (1/1) D:7            Lair (0/5) D:10
    Orc (0/2) D:9           Sewer (visited)          Bailey (visited)
Gauntlet (1/1)

Altars:
Ashenzari
Cheibriados
Dithmenos
Elyvilon
Fedhas
Gozag
Hepliaklqana
Kikubaaqudgha
Makhleb
Nemelex Xobeh
Okawaru
Qazlal
Ru
Sif Muna
Trog
Uskayaw
Vehumet
Wu Jian
Xom
Yredelemnul
Zin
The Shining One

Shops:
D:7 (

Annotations:
D:7 exclusion: statue Gauntlet 8 transporters, 5 runed translucent doors


Innate Abilities, Weirdness & Mutations

You are very small and have problems with some larger weapons.
You are too small for most types of armour.
You have supernaturally acute eyesight. (SInv)
You cover ground extremely quickly. (Speed+++)
You occasionally lose the ability to drink potions when taking damage.


Message History

K - a potion of might Unknown command.
You start waiting.
The hell beast hisses, "I will feast on thy brain!"
The hell hound stops to sniff the ground.
The hell beast bellows, "Disclaim thyself, thou craven tickle-brained creepsneak!"
The hell hound stops to sniff the ground. x2
The hell beast growls, "Repent, thou peeagling nut-hook gonus!"
A minotaur comes into view.
It is wielding a +2 vorpal shortbow and quivering silver javelins.
The minotaur moves out of view.
You fade into invisibility!
Found a hand axe.
Found a gate leading back out of this place.
Casting: Ensorcelled Hibernation (safe; 1% risk of failure)
Confirm with . or Enter, or press ? or * to list all spells.
Casting: Dazzling Flash (safe; 1% risk of failure)
Press: ? - help, Dir - look around, f - activate The minotaur is dazzled.
The minotaur bellows!
You hit the minotaur but do no damage.
The minotaur is poisoned.
You hit the minotaur but do no damage.
The minotaur looks as sick as possible!
The minotaur is no longer blind.
You hit the minotaur but do no damage.
The minotaur looks as sick as possible!
The minotaur is lightly wounded.
The minotaur drinks a potion.
The minotaur is healed!
The minotaur looks more healthy.
You hit the minotaur but do no damage.
The minotaur unwields a +2 vorpal shortbow.
The minotaur wields a +0 halberd.
The minotaur hits you with a +0 halberd!!
Ouch! That really hurt!
You emit a cloud of dark smoke.
The minotaur gores you!
You feel threatened and lose the ability to drink potions!
* * * LOW HITPOINT WARNING * * *
Aiming: Mindburst
Press: ? - help, Shift-Dir - straight line, f - minotaur
Aim: a minotaur, wielding a +0 halberd, wearing a +0 plate armour and quivering silver javelins (black smoke, unable to see you, umbra, chance to affect: 6%)
The minotaur resists with almost no effort.
The minotaur hits you from afar with a +0 halberd!!
You die...

#.§## #..≈####
#..###.# ###
...##..# #### ..#
#..#...# #....####.#
#..#...# #....#.#
#.8#.©.# #####...#
#..#...### #⌠.⌠#.#.#
#.∩#.©...# #.∩.§@#.#
#..#...#.# #⌠.⌠#§#.#
#.8#.©.#.# #####H#.#
#..#...#.# §.#.#
#..#...#.# ####.#
...##..#.######....#
#..###.#........####
#..≈#############
#..##


You could see a minotaur (unable to see you).

Vanquished Creatures
  The ghost of RichitheSlayer the Cleaver, a journeyman MiFi of Okawaru (D:10)
  A two-headed ogre (D:9)
  A tengu warrior (Gauntlet)
  2 glowing orange brains (Gauntlet)
  Joseph (D:8)
  An unseen horror (D:8)
  A kobold demonologist (D:9)
  A troll (D:8)
  2 shadows
  A wyvern (D:10)
  A wraith (D:7)
  7 yaks
  2 steam dragons
  5 water moccasins
  6 orc warriors
  3 black bears
  An ice beast (D:5)
  2 sky beasts
  4 centaurs
  6 kobold brigands
  3 bullfrogs (D:8)
  A necrophage (D:5)
  3 gnoll sergeants
  2 scorpions
  3 wights
  22 killer bees
  2 howler monkeys
  Crazy Yiuf (D:6)
  2 gnoll boudas
  5 hounds
  5 orc priests
  6 jellies
  Terence (D:3)
  4 iguanas
  15 orc wizards
  Robin (D:2)
  13 gnolls
  9 adders
  A river rat (Sewer)
  A shadow imp (D:7)
  2 white imps
  An ufetubus (D:4)
  2 worms
  3 dart slugs
  70 orcs
  9 ball pythons
  2 bats (D:3)
  16 endoplasms
  9 giant cockroaches
  23 goblins
  12 hobgoblins
  4 jackals (D:4)
  18 kobolds
  5 quokkas
  3 frilled lizards
  3 rats
331 creatures vanquished.

Vanquished Creatures (collateral kills)
  3 orc warriors (Bailey)
  5 wights
  An orc priest (D:9)
  2 orc wizards
  2 gnolls
  2 adders
  6 orcs
  An endoplasm (D:4)
  2 goblins (D:4)
  A hobgoblin (D:4)
  2 kobolds (Bailey)
27 creatures vanquished.

Vanquished Creatures (others)
  4 dancing weapons
  An orc (D:8)
  A demonic plant (Gauntlet)
6 creatures vanquished.

Grand Total: 364 creatures vanquished

Notes
Turn   | Place    | Note
-------+----------+-------------------------------------------
     0 | D:1      | motu the Spriggan Enchanter began the quest for the Orb.
     0 | D:1      | Reached XP level 1. HP: 9/9 MP: 5/5
   467 | D:1      | Gained mutation: You occasionally lose the ability to drink
                  | potions when taking damage. [potion of mutation]
   509 | D:1      | Found a faded altar of an unknown god.
   515 | D:1      | Reached XP level 2. HP: 13/13 MP: 7/7
   518 | D:1      | Learned a level 2 spell: Ensorcelled Hibernation
  1519 | D:3      | Reached XP level 3. HP: 16/16 MP: 3/9
  1523 | D:3      | Learned a level 3 spell: Tukima's Dance
  1527 | D:3      | Learned a level 3 spell: Confusing Touch
  1967 | D:3      | Found a blossoming altar of Fedhas.
  2276 | D:2      | Noticed Terence
  2287 | D:3      | Killed Terence
  2288 | D:3      | Reached skill level 5 in Hexes
  2288 | D:3      | Reached XP level 4. HP: 12/21 MP: 3/11
  2407 | D:2      | Found a shimmering altar of Xom.
  2505 | D:2      | Noticed Robin
  2522 | D:2      | Killed Robin
  3556 | D:2      | Learned a level 3 spell: Dazzling Flash
  3613 | D:4      | Reached skill level 5 in Spellcasting
  3613 | D:4      | Reached XP level 5. HP: 24/24 MP: 11/13
  3641 | D:4      | Found an ornate altar of the Wu Jian Council.
  4256 | D:4      | Reached skill level 5 in Stealth
  4377 | D:4      | Reached XP level 6. HP: 24/28 MP: 8/15
  4607 | D:4      | Found a large runed translucent door.
  4607 | D:4      | Found a large runed translucent door.
  4628 | D:4      | Found a large runed translucent door.
  4628 | D:4      | Found a large runed translucent door.
  4669 | D:4      | Reached skill level 6 in Stealth
  5009 | D:4      | Reached XP level 7. HP: 8/32 MP: 9/17
  5389 | D:4      | Reached skill level 7 in Stealth
  5486 | D:5      | Entered Level 5 of the Dungeon
  5781 | D:5      | Reached skill level 8 in Stealth
  5879 | D:5      | Reached XP level 8. HP: 32/36 MP: 16/20
  6400 | D:6      | Reached skill level 9 in Stealth
  6457 | D:6      | Found a glowing drain.
  6468 | Sewer    | Entered a sewer
  6863 | Sewer    | Found a shimmering altar of Xom.
  6897 | Sewer    | Reached skill level 10 in Stealth
  7119 | D:6      | Reached XP level 9. HP: 36/39 MP: 8/23
  7489 | D:6      | Reached skill level 1 in Fighting
  7611 | D:6      | Found a basalt altar of Yredelemnul.
  7662 | D:6      | Found a runed translucent door.
  7663 | D:6      | Noticed Crazy Yiuf
  7670 | D:6      | Killed Crazy Yiuf
  7873 | D:7      | Found a sacrificial altar of Ru.
  7888 | D:7      | Found a radiant altar of Vehumet.
  8063 | D:7      | Reached skill level 11 in Stealth
  8075 | D:7      | Found a staircase to the Ecumenical Temple.
  8084 | Temple   | Entered the Ecumenical Temple
  8203 | Temple   | Became a worshipper of Dithmenos the Shadowed
  8410 | D:7      | Found Xuwamyez's Weapon Shop.
  8953 | D:8      | Found a flagged portal.
  8963 | Bailey   | Entered a bailey
  9003 | Bailey   | Reached skill level 10 in Hexes
  9361 | Bailey   | Reached * piety under Dithmenos
  9362 | Bailey   | Reached skill level 5 in Dodging
  9365 | Bailey   | Reached XP level 10. HP: 43/47 MP: 24/24
  9404 | Bailey   | Found a burning altar of Makhleb.
  9483 | D:8      | Found an opulent altar of Gozag.
  9537 | D:8      | Reached skill level 10 in Spellcasting
  9585 | D:8      | Noticed Joseph
  9603 | D:8      | Killed Joseph
  9604 | D:8      | Reached skill level 12 in Stealth
  9753 | D:8      | Got the Monograph on Cursed Unhallowed Arts
  9763 | D:8      | Learned a level 8 spell: Discord
  9773 | D:8      | Found a hazy altar of Hepliaklqana.
 10371 | D:9      | Reached ** piety under Dithmenos
 10515 | D:9      | Reached skill level 5 in Short Blades
 10809 | D:9      | Found a staircase to the Orcish Mines.
 10922 | D:9      | Noticed an orange demon
 11184 | D:9      | Noticed a two-headed ogre
 11199 | D:9      | Killed a two-headed ogre
 11200 | D:9      | Reached XP level 11. HP: 53/53 MP: 26/26
 11319 | D:9      | Reached *** piety under Dithmenos
 11755 | D:10     | Entered Level 10 of the Dungeon
 11785 | D:10     | Found a burning altar of Makhleb.
 11855 | D:10     | Found a staircase to the Lair.
 11985 | D:10     | Reached skill level 13 in Stealth
 12442 | D:10     | Found a large runed translucent door.
 12442 | D:10     | Found a large runed translucent door.
 12443 | D:10     | Noticed RichitheSlayer's ghost (journeyman MiFi)
 12460 | D:10     | Identified the +0 pair of boots of Dishonesty {rF- Str+10}
 12650 | D:10     | HP: 2/51 [RichitheSlayer's ghost (6)]
 12820 | D:10     | Killed RichitheSlayer's ghost
 12875 | D:11     | Found a gate leading to a gauntlet.
 12885 | Gauntlet | Entered a Gauntlet
 12885 | Gauntlet | Found a transporter.
 12885 | Gauntlet | Found a runed translucent gate.
 12885 | Gauntlet | Found a transporter.
 12885 | Gauntlet | Found a runed translucent gate.
 12887 | Gauntlet | Noticed a tengu warrior
 12891 | Gauntlet | Found a transporter.
 12903 | Gauntlet | Found a transporter.
 12919 | Gauntlet | Noticed a glowing orange brain
 12920 | Gauntlet | Found the +0 pair of fencer's gloves {Riposte Dex+3}
 12921 | Gauntlet | Found a transporter.
 12921 | Gauntlet | Found a transporter.
 12923 | Gauntlet | Found a transporter.
 12924 | Gauntlet | Found a transporter.
 12924 | Gauntlet | Found a transporter.
 12924 | Gauntlet | Noticed a cyan ugly thing
 12925 | Gauntlet | Noticed a glowing orange brain
 12927 | Gauntlet | Noticed a reaper
 12928 | Gauntlet | Found a runed translucent door.
 12933 | Gauntlet | Found a runed translucent door.
 12935 | Gauntlet | Found a transporter.
 12950 | Gauntlet | Noticed a glowing orange brain
 12951 | Gauntlet | Found a transporter.
 12952 | Gauntlet | Noticed a red ugly thing
 12958 | Gauntlet | Noticed a hell beast
 12961 | Gauntlet | Found a transporter.
 12975 | Gauntlet | Found a transporter.
 13008 | Gauntlet | Found a transporter.
 13010 | Gauntlet | Found a runed translucent gate.
 13202 | Gauntlet | Killed a tengu warrior
 13343 | Gauntlet | Identified the +1 cloak of Going Fast {rElec rF+ rC-
                  | Will+++}
 13344 | Gauntlet | Noticed a large abomination
 13344 | Gauntlet | Noticed a catoblepas
 13366 | Gauntlet | Killed a glowing orange brain
 13375 | Gauntlet | Killed a glowing orange brain
 13489 | Gauntlet | Noticed a minotaur
 13509 | Gauntlet | Mangled by a minotaur

Illustrated notes

Levels and vault maps discovered:
D:1:      shiori_shiawase, layout_basic, ebering_ecumenical_altar_hall
D:2:      layout_rooms, basic_altar, minmay_fractal_squares_gapless_5,
          uniq_terence, uniq_robin
D:3:      layout_rooms, fedhas_ov_isle_minmay, serial_curves, eino_curves_04,
          eino_curves_02, eino_curves_01, eino_curves_04
D:4:      layout_rooms, nicolae_overflow_hidden_temple,
          minmay_hollow_rounded_squares
D:5:      layout_loops_ring, minmay_crystal_water
D:6:      layout_rooms, mainiacjoe_overflow_cross_hatched, gup_sewer_entry_pipe,
          uniq_crazy_yiuf_cottage
D:7:      layout_gridville, nicolae_ru_awakened_eye, vehumet_statue,
          minmay_temple_entry_antechambers, serial_shops,
          nicolae_shop_hallway_stairs
D:8:      cheibrodos_fzero, layout_loops_ring, nicolae_hepliaklqana_hazy_memory,
          nicolae_gozag_cash_rules_everything_around_me, special_room
          [special_room_orc], enter_bailey_3, uniq_joseph
D:9:      layout_stronghold, hiddenorc2_lemuel
D:10:     layout_gridville, amcnicky_altar_gilded, lair_entry_dummy,
          ebering_ghost_disaster_area
D:11:     layout_rooms, gauntlet_entry_generic, serial_glass, glass_columns_c,
          glass_columns_a
Temple:   nicolae_temple_great_sept
Gauntlet: gammafunk_gauntlet_mixed_choke_point
          [minmay_gauntlet_arena_77_run_for_it, minmay_gauntlet_arena_77_mess,
          minmay_gauntlet_arena_77_two_paths, gammafunk_gauntlet_arena_chambers,
          minmay_gauntlet_arena_77_two_lines, minmay_gauntlet_arena_77_mirror,
          minmay_gauntlet_arena_77_cramped, dreamdust_gauntlet_exit_labyrinth]

Skill      XL: |  1  2  3  4  5  6  7  8  9 10 11 |
---------------+----------------------------------+-----
Spellcasting   | 3 4 5 6 7 9 10 11 | 11.3
Hexes          | 4 5 6 7 9 10 11 12 | 12.3
Stealth        | 5 6 8 10 11 12 13 | 13.5
Dodging        | 5 6 7 |  7.8
Short Blades   | 3 5 6 |  6.3
Fighting       | 2 3 4 |  4.5

Action                   |  1- 3 |  4- 6 |  7- 9 | 10-12 || total
-------------------------+-------+-------+-------+-------++-------
Melee: Dagger            |    64 |   148 |   283 |   421 ||   916
       Punch             |       |     2 |     4 |     5 ||    11
 Cast: Ensorcelled Hiber |    20 |    14 |    70 |    73 ||   177
       Tukima's Dance    |     1 |     2 |    18 |    17 ||    38
       Confusing Touch   |       |       |     4 |     3 ||     7
       Dazzling Flash    |       |       |       |     1 ||     1
Evoke: Wand              |       |     2 |       |    18 ||    20
       Condenser vane    |       |       |     1 |     1 ||     2
  Use: Scroll            |     7 |     4 |    10 |     5 ||    26
       Potion            |     1 |     4 |       |     5 ||    10
 Stab: Sleeping          |    24 |    13 |    67 |    47 ||   151
       Invisible         |       |     1 |       |     2 ||     3
       Confused          |       |       |     7 |     6 ||    13
       Distracted        |       |       |     1 |     1 ||     2
Armor: Robe              |     2 |    18 |    33 |    35 ||    88
Dodge: Dodged            |    34 |   112 |   192 |   333 ||   671

Table legend: (Time is in decaauts)
 A = Elapsed time spent in this place.
 B = Non-inter-level travel time spent in this place.
 C = Inter-level travel time spent in this place.
 D = Time resting spent in this place.
 E = Time spent auto-exploring this place.
 F = Levels seen in this place.
 G = Mean time per level.
                   A        B        C        D        E       F      G
               +--------+--------+--------+--------+--------+-----+--------+
         Total |  10528 |  10390 |    138 |   2176 |   5463 |  15 |  701.9 |
       Dungeon |   9055 |   8924 |    131 |   1845 |   4890 |  11 |  823.2 |
        Temple |     92 |     85 |      7 |      0 |     69 |   1 |   92.0 |
         Sewer |    532 |    532 |      0 |     18 |    384 |   1 |  532.0 |
        Bailey |    409 |    409 |      0 |    212 |      4 |   1 |  409.0 |
      Gauntlet |    437 |    437 |      0 |    101 |    115 |   1 |  437.0 |
               +--------+--------+--------+--------+--------+-----+--------+

Top non-repeatable levels by time:
     D:4: 1486 daAuts
     D:3: 1148 daAuts
     D:2: 1054 daAuts
     D:9: 1028 daAuts
     D:1: 900 daAuts
     D:8: 815 daAuts
    D:10: 803 daAuts
     D:5: 649 daAuts
     D:6: 630 daAuts
   Sewer: 532 daAuts
     D:7: 512 daAuts
Gauntlet: 437 daAuts
  Bailey: 409 daAuts
  Temple: 92 daAuts
    D:11: 27 daAuts
